 Dungeon Crawl Stone Soup version 0.31.0-11-ge490571c62 (webtiles) character file.

Game seed: 5904394869690453821

321814 Flugkiller the Slayer (level 19, -8/196 HPs)
             Began as a Minotaur Fighter on Jan 28, 2024.
             Was a High Priest of Okawaru.
             Killed from afar by an orb of fire (24 damage)
             ... with a fireball
             ... on level 1 of the Realm of Zot.
             The game lasted 00:22:30 (28689 turns).

Flugkiller the Slayer (Minotaur Fighter)           Turns: 28689, Time: 00:22:31

Health: -8/196     AC: 34    Str: 27      XL:     19   Next: 54%
Magic:  23/27      EV: 14    Int:  2 (5)  God:    Okawaru [*****.]
Gold:   1107       SH: 17    Dex:  9 (12) Spells: 18/18 levels left

rFire   + + .        a - +3 broad axe (spect)
rCold   + . .        i - +0 tower shield
rNeg    . . .        c - +0 gold dragon scales
rPois   +            (helmet restricted)
rElec   +            n - +2 cloak
rCorr   +            s - +2 pair of gloves
SInv    +            G - +0 pair of boots {rampage}
Will    +++..        y - amulet of regeneration Stlth
                     v - +5 ring of evasion
HPRegen 1.32/turn    P - ring "Weirur" {rElec rF+ Will++ rCorr SInv}
MPRegen 0.20/turn

%: rampage
@: finesse-ful, hasted, very quick
A: horns 2, retaliatory headbutt, inability to read after injury 1
}: 3/15 runes: barnacled, abyssal, gossamer
a: Renounce Religion, Heroism, Finesse, Duel


You were on level 1 of the Realm of Zot.
You worshipped Okawaru.
Okawaru was extremely pleased with you.
You visited 7 branches of the dungeon, and saw 36 of its levels.
You visited the Abyss 1 time.
You also visited: Ice Cave and Wizlab.

You collected 2499 gold pieces.
You spent 1392 gold pieces at shops.

Inventory:

Hand Weapons
 a - a +3 spectral broad axe (weapon)
   (You found it on level 14 of the Dungeon)
 b - a +0 trident of distortion
   (You took it off a merfolk impaler on level 3 of the Shoals)
 e - a +3 war axe of flaming
   (You acquired it on level 2 of the Dungeon)
Missiles
 M - a throwing net (quivered)
Armour
 c - +0 gold dragon scales (worn)
   (You found it on level 2 of the Depths)
 i - a +0 tower shield (worn)
   (You took it off a draconian knight on level 1 of the Realm of Zot)
 n - a +2 cloak (worn)
   (You took it off Crazy Yiuf on level 6 of the Dungeon)
 s - a +2 pair of gloves (worn)
   (You found it on level 3 of the Dungeon)
 G - a +0 pair of boots of rampaging (worn)
   (Okawaru gifted it to you on level 4 of the Lair of Beasts)
 H - a +2 pair of boots
   (You found it on level 4 of the Lair of Beasts)
 I - a +2 kite shield of reflection
   (You took it off a gnoll sergeant on level 9 of the Dungeon)
 Q - a +6 plate armour of fire resistance
   (You took it off an orc warrior on level 9 of the Dungeon)
Jewellery
 f - a ring of protection from fire
   (You found it on level 15 of the Dungeon)
 m - a ring of willpower
   (You found it on level 6 of the Dungeon)
 o - a ring of poison resistance
   (You bought it in a shop on level 2 of the Orcish Mines)
 v - a +5 ring of evasion (left hand)
   (You found it on level 4 of the Dungeon)
 y - an amulet of regeneration (around neck)
   (You took it off Erica on level 1 of the Lair of Beasts)
 P - the ring "Weirur" (right hand) {rElec rF+ Will++ rCorr SInv}
   (You bought it in a shop on level 2 of the Orcish Mines)

   [ring of resist corrosion]

   rF+:       It protects you from fire.
   rElec:     It insulates you from electricity.
   Will++:    It greatly increases your willpower.
   SInv:      It lets you see invisible.
   rCorr:     It protects you from acid and corrosion.
Wands
 g - a wand of digging (20)
   (You found it on level 4 of the Lair of Beasts)
 j - a wand of light (32)
   (You found it on level 3 of the Dungeon)
 x - a wand of paralysis (24)
   (You found it on level 4 of the Dungeon)
 J - a wand of mindburst (11)
   (You found it on level 4 of the Lair of Beasts)
 O - a wand of roots (30)
   (You found it on level 8 of the Dungeon)
Scrolls
 p - 5 scrolls of revelation
 t - 12 scrolls of teleportation
 z - 6 scrolls of immolation
 C - a scroll of silence
 E - 3 scrolls of fear
 L - 3 scrolls of vulnerability
 R - 4 scrolls of fog
Potions
 d - 2 potions of might
 h - 3 potions of haste
 k - a potion of berserk rage
 l - 6 potions of enlightenment
 q - a potion of curing
 D - 2 potions of magic
 K - 5 potions of mutation
 N - a potion of cancellation


   Skills:
 - Level 23.6 Fighting
 - Level 18.0 Axes
 - Level 23.0 Armour
 - Level 11.0 Dodging
 + Level 15.6 Shields
 - Level 12.0 Invocations


You had 18 spell levels left.
You didn't know any spells.
Your spell library contained the following spells:

 Spells                   Type           Power      Damage    Failure   Level
 Foxfire                  Conj/Fire      0%         2x1d4     100%        1
 Sandblast                Erth           0%         2d4       100%        1
 Shock                    Conj/Air       0%         1d3       100%        1
 Blink                    Tloc           0%         N/A       100%        2
 Ensorcelled Hibernation  Hex/Ice        0%         N/A       100%        2
 Lesser Beckoning         Tloc           0%         N/A       100%        2
 Mercury Vapours          Alch/Air       0%         N/A       100%        2
 Momentum Strike          Conj/Tloc      0%         3d8       100%        2
 Scorch                   Fire           0%         2d5       100%        2
 Confusing Touch          Hex            0%         N/A       100%        3
 Inner Flame              Hex/Fire       0%         N/A       100%        3
 Mephitic Cloud           Conj/Alch/Air  0%         N/A       100%        3
 Passwall                 Erth           0%         N/A       100%        3
 Stone Arrow              Conj/Erth      0%         3d7       100%        3
 Swiftness                Air            0%         N/A       100%        3
 Airstrike                Air            0%         2d(0-16)  100%        4
 Brom's Barrelling Bould  Conj/Erth      0%         2d3       100%        4
 Vhi's Electric Charge    Tloc/Air       0%         N/A       100%        4
 Arcjolt                  Conj/Air       0%         1d10      100%        5
 Freezing Cloud           Conj/Ice/Air   0%         6-21      100%        5
 Irradiate                Conj/Alch      0%         3d11      100%        5
 Metabolic Englaciation   Hex/Ice        0%         N/A       100%        5
 Conjure Ball Lightning   Conj/Air       0%         3x3d6     100%        6
 Discord                  Hex            0%         N/A       100%        8
 Disjunction              Tloc           0%         N/A       100%        8
 Ignition                 Fire           0%         3d3       100%        8
 Maxwell's Capacitive Co  Air            0%         ∞         100%        8
 Summon Mana Viper        Hex/Summ       Unusable   N/A       N/A         5
 Malign Gateway           Summ/Tloc      Unusable   N/A       N/A         7

Dungeon Overview and Level Annotations

Branches:
Dungeon (15/15)            Temple (0/1) D:7            Lair (5/5) D:11
 Shoals (4/4) Lair:3       Spider (4/4) Lair:2        Slime (0/5) Lair:5
    Orc (2/2) D:9             Elf (0/3) Orc:2        Vaults (0/5) D:14
 Depths (4/4) D:15            Zot (2/5) Depths:4      IceCv (visited)
 WizLab (visited)

Altars:
Cheibriados
Elyvilon
Kikubaaqudgha
Makhleb
Okawaru
Qazlal
Ru
Yredelemnul
Zin
The Shining One

Shops:
D:2 *   D:7 !   D:11 *   Orc:2 [*=(   Depths:1 (

Portals:
Hell: Depths:3
Abyss: Depths:1
Ziggurat: Depths:3

Annotations:
Lair:5 exclusion: obsidian statue
Shoals:2 2 runed translucent doors, Kehia's ghost, adept DrWn


Innate Abilities, Weirdness & Mutations

You have a pair of horns on your head.
You reflexively headbutt those who attack you in melee.
You occasionally lose the ability to read scrolls when taking damage.


Message History

You enter Okawaru's Arena!
Found a gate leading back out of this place.
The spectator shouts! x13
The black draconian knight is no longer moving slowly.
The black draconian knight closely misses you.
There is an empty arch of ancient stone here.
You hit the black draconian knight.
You headbutt the black draconian knight.
The black draconian knight is severely wounded.
Your +3 spectral broad axe hits the black draconian knight.
The black draconian knight hits your +3 spectral broad axe with a +3 battleaxe of pain!
Your spectral weapon shares its damage with you!
The black draconian knight hits you but does no damage.
You writhe in agony!
* * * LOW HITPOINT WARNING * * *
x2 The black draconian knight casts a spell at your +3 spectral broad axe.
The shard of ice hits your +3 spectral broad axe!!!
Your +3 spectral broad axe partially resists.
Your spectral weapon shares its damage with you!
Your +3 spectral broad axe disappears.
* * * LOW HITPOINT WARNING * * *
The black draconian knight roars!
You slash the black draconian knight!
The black draconian knight is almost dead.
Your +3 spectral broad axe completely misses the black draconian knight.
You block the black draconian knight's attack.
The black draconian knight hits your +3 spectral broad axe with a +3 battleaxe of pain.
Your spectral weapon shares its damage with you!
* * * LOW HITPOINT WARNING * * *
You hit the black draconian knight but do no damage.
The black draconian knight is almost dead.
Your +3 spectral broad axe hits the black draconian knight!
You kill the black draconian knight!
Okawaru accepts your kill. Okawaru crowns you victorious!
An exit appears.
Your +3 spectral broad axe disappears.
Things that are here:
a +3 battleaxe of pain; a +0 cloak You feel better.
You are confused.
You feel invigorated.
You are no longer firmly anchored in space.
You feel less invigorated.
You feel less confused.
Okawaru bids you farewell from the Arena.
The spectator cheers noisily.
There is a gate leading back out of this place here.
You feel better.
You feel yourself speed up.
You can now deal lightning-fast blows.
You are returned from the Arena.
Welcome back to the Realm of Zot!
The orb of fire glows yellow.
The fireball explodes!
The fireball engulfs you!! You resist.
* * * LOW HITPOINT WARNING * * *
There is a stone staircase leading down, spattered with blood here.
Unknown command.
There is an open door, spattered with blood here.
Items here: ( )) ÷ †.
You see here a +0 mace.
You are too injured to fight recklessly!
You are too injured to fight recklessly!
You slash the orb of fire! Your headbutt misses the orb of fire.
The orb of fire is lightly damaged.
Your +3 spectral broad axe closely misses the orb of fire.
The orb of fire emits a lurid red light.
The fireball explodes!
The fireball engulfs you!! You resist.
* * * LOW HITPOINT WARNING * * *
The fireball engulfs the orb of fire.
The orb of fire completely resists.
The fireball engulfs your +3 spectral broad axe!!!
Your +3 spectral broad axe resists.
Your spectral weapon shares its damage with you!
Your +3 spectral broad axe disappears.
* * * LOW HITPOINT WARNING * * *
You closely miss the orb of fire. You headbutt the orb of fire.
The orb of fire is lightly damaged.
Your +3 spectral broad axe closely misses the orb of fire.
You hit the orb of fire but do no damage.
Your headbutt misses the orb of fire.
The orb of fire is lightly damaged.
Your +3 spectral broad axe hits the orb of fire!
The orb of fire glows yellow.
The fireball explodes!
The fireball engulfs you. You resist.
* * * LOW HITPOINT WARNING * * *
The fireball engulfs the orb of fire.
The orb of fire completely resists.
The fireball engulfs your +3 spectral broad axe.
Your +3 spectral broad axe resists.
Your spectral weapon shares its damage with you!
* * * LOW HITPOINT WARNING * * *
You closely miss the orb of fire.
The orb of fire is lightly damaged.
Your +3 spectral broad axe hits the orb of fire.
You barely miss the orb of fire.
The orb of fire is lightly damaged.
Your +3 spectral broad axe completely misses the orb of fire.
You hit the orb of fire.
The orb of fire is moderately damaged.
Your +3 spectral broad axe misses the orb of fire.
The orb of fire glows bright magenta.
The fireball explodes!
The fireball engulfs you!! You resist.
You die...

,,,,**,,,**,....,,####....#**,*,,
***,,**,,,**...,,##.#.....#*,,**,
*,,,,**,,,*#..,##.......##*,,,**
*,,,,,*****#'###..##.####,,,***,
***,,,,* ##.##..##....,,*,,,,*,
**,,,**##.))##..#....#**,****,
*,,**,+...>.[*###.....,,,,,,,
*,**,,##.##*##.......##**,,*,
*,+,,,,###)(@##.#.#...,*,,,*,
*,**,,,##..[..##..#....*****,
*,***,##..)[...##(#*,,,,*,**,
*******#.........#.#**,,,,,,*,
**,,,** #.[)).....+,#,**,,,,,*+
***,,,,,**#.....)...#,,,,**,,,**,
,*,,⌠,,,,*##....⌠..##,,,,,*,,**,,
,*,,,,,,,* ##.....##*,**,,****,,,
,+,,,,,,,* ##...##,,,*,,****,,,,


You could see an orb of fire (ally target) and a friendly +3 spectral broad axe.

Vanquished Creatures
  2 juggernauts
  A Killer Klown (Zot:1)
  3 golden dragons
  Arachne (Spider:3)
  the Enchantress (D:15)
  A bone dragon (Depths:4)
  A hellephant (Depths:3)
  2 tentacled monstrosities (Depths:2)
  3 liches
  2 quicksilver dragons (Depths:2)
  A walking divine tome (Depths:1)
  2 titans
  A walking frostbound tome (Depths:2)
  A kraken (Shoals:4)
  A sphinx (Depths:3)
  A tengu reaver (Depths:1)
  A tentacled starspawn (Abyss:4)
  A shadow dragon (Abyss:4)
  4 storm dragons
  Kirke (D:15)
  2 draconian shifters
  A draconian monk (Zot:1)
  5 fire giants
  9 frost giants
  7 emperor scorpions (Spider:4)
  3 draconian knights
  3 ghost moths
  An angel (Abyss:4)
  A draconian scorcher (Abyss:4)
  2 iron dragons (Depths:2)
  4 spriggan defenders
  A draconian stormcaller (Abyss:4)
  18 very ugly things
  4 stone giants
  2 black draconians (Zot:1)
  A vampire knight (Depths:2)
  2 purple draconians
  2 green draconians
  A starcursed mass (Abyss:4)
  14 dire elephants (Depths:3)
  2 red draconians
  2 white draconians
  11 spark wasps
  6 yellow draconians
  Snorg (Orc:2)
  4 entropy weavers
  5 ettins
  4 merfolk impalers
  2 merfolk javelineers (Shoals:4)
  Josephine (Orc:2)
  2 rakshasas
  4 ice dragons
  7 fire dragons
  A hydra (Lair:5)
  A jorogumo (Spider:2)
  Erica (Lair:1)
  6 centaur warriors
  An ogre mage (D:15)
  2 spriggan air magi
  A death knight (D:15)
  A radroach (Spider:4)
  4 boulder beetles
  An alligator snapping turtle (Shoals:4)
  A satyr (Shoals:4)
  3 catoblepae
  2 dancing weapons (D:14)
  4 merfolk avatars
  A death scarab (Spider:4)
  A merfolk aquamancer (Shoals:4)
  3 two-headed ogres
  4 tengu warriors
  11 death yaks
  A deep troll shaman (Depths:4)
  2 spriggan berserkers
  A thrashing horror (Abyss:4)
  2 demonic crawlers
  A soul eater (D:14)
  Nergalle (D:11)
  An occultist (Depths:3)
  A spectral death yak (Lair:5)
  A sun demon (D:14)
  A skyshark (Lair:5)
  An iron troll (Depths:4)
  A fire crab (Lair:3)
  9 skeletal warriors
  3 pharaoh ants (Spider:4)
  2 deep trolls (Depths:4)
  A glowing orange brain (Abyss:4)
  A sun moth (Spider:3)
  9 orb spiders
  A sea snake (Shoals:1)
  A lindwurm (Lair:5)
  3 steelbarb worms (Spider:4)
  2 necromancers (Lair:5)
  5 harpies (Shoals:2)
  14 wolf spiders
  An orc sorcerer (Orc:2)
  A salamander (Depths:3)
  A large abomination (Abyss:4)
  12 cyclopes
  8 manticores
  4 fauns (Shoals:4)
  A kobold blastminer (Orc:2)
  2 draconians (Abyss:4)
  26 ugly things
  4 moths of wrath
  A meliai (shapeshifter) (D:15)
  2 oklob plants (D:11)
  A dire elephant zombie (Lair:5)
  33 elephants
  4 black mambas
  A rust devil (D:14)
  3 meliai (Lair:4)
  A merfolk siren (Shoals:1)
  A smoke demon (D:14)
  A torpor snail (Spider:4)
  2 water nymphs
  A guardian serpent (shapeshifter) (D:13)
  10 cane toads
  A dire elephant skeleton (Lair:5)
  A gargoyle (D:13)
  3 kobold demonologists (D:14)
  5 rime drakes
  2 unseen horrors (D:12)
  3 orange demons (D:14)
  3 yaktaurs (D:15)
  A freezing wraith (Abyss:4)
  An efreet (D:13)
  A tengu conjurer (Depths:4)
  10 komodo dragons
  3 trolls
  2 red devils (D:14)
  A queen bee (Lair:4)
  2 wind drakes
  6 merfolk
  A polar bear (Lair:2)
  21 tarantellas
  Prince Ribbit (D:9)
  A wolf spider simulacrum (D:14)
  5 hornets
  A dream sheep (shapeshifter) (Depths:1)
  35 blink frogs
  4 snapping turtles
  A slime creature (Lair:5)
  A glass eye (Depths:2)
  8 jumping spiders (Spider:4)
  A water elemental (Shoals:1)
  9 culicivoras
  A slime creature (shapeshifter) (Depths:2)
  4 spriggans
  3 shadows
  5 wyverns
  47 yaks
  7 wraiths
  5 hogs (D:15)
  8 basilisks
  3 steam dragons
  A death yak simulacrum (Lair:5)
  A neqoxec (D:14)
  27 redbacks
  5 vampire mosquitoes
  3 acid dragons
  16 water moccasins
  Duvessa (D:5)
  9 orc warriors
  2 black bears
  2 sky beasts
  2 ice beasts
  5 ogres
  26 wolves
  6 centaurs
  2 elephant skeletons (Lair:5)
  A phantom (D:5)
  10 kobold brigands
  17 bullfrogs
  4 cane toad simulacra
  A gnoll sergeant (D:9)
  A scorpion (D:6)
  3 wights (D:6)
  Dowan (D:5)
  51 killer bees
  An electric eel (Spider:4)
  11 howler monkeys
  A bombardier beetle (D:6)
  4 jellies
  Crazy Yiuf (D:6)
  6 hounds
  A gnoll bouda (D:7)
  6 orc priests
  Natasha (thrice) (D:4)
  4 sleepcaps
  3 iguanas (D:5)
  16 orc wizards
  A hell rat (Lair:4)
  A polar bear simulacrum (IceCv)
  2 human simulacra (D:11)
  10 gnolls
  4 adders
  A shadow imp (D:5)
  5 white imps
  2 ufetubi
  2 ribbon worms
  8 dart slugs
  37 orcs
  7 ball pythons
  2 bats
  8 endoplasms
  5 giant cockroaches
  8 goblins
  8 hobgoblins
  4 jackals
  17 kobolds
  4 quokkas
  A frilled lizard (D:2)
  4 rats
  2 starspawn tentacles (Abyss:4)
  3 tentacles (Shoals:4)
1017 creatures vanquished.

Vanquished Creatures (others)
  42 spectral weapons
  9 tentacles (Shoals:4)
51 creatures vanquished.

Grand Total: 1068 creatures vanquished

Notes
Turn   | Place    | Note
-------+----------+-------------------------------------------
     0 | D:1      | Flugkiller the Minotaur Fighter began the quest for the
                  | Orb.
     0 | D:1      | Reached XP level 1. HP: 19/19 MP: 0/0
    84 | D:1      | Reached XP level 2. HP: 27/27 MP: 1/1
   460 | D:1      | Reached XP level 3. HP: 33/33 MP: 2/2
  1172 | D:2      | Found Cofos's Assorted Antiques.
  1429 | D:2      | Got the Almanac of the Zebra
  1667 | D:3      | Reached XP level 4. HP: 39/41 MP: 3/3
  1725 | D:3      | Found an iron altar of Okawaru.
  1725 | D:3      | Found a burning altar of Makhleb.
  1765 | D:3      | Became a worshipper of Warmaster Okawaru
  1836 | D:3      | Noticed a black bear
  1847 | D:3      | Killed a black bear
  1848 | D:3      | Reached skill level 5 in Fighting
  1848 | D:3      | Reached XP level 5. HP: 23/48 MP: 4/4
  2068 | D:3      | Reached skill level 1 in Invocations
  2069 | D:3      | Reached * piety under Okawaru
  2374 | D:3      | Found a glowing drain.
  2704 | D:4      | Noticed Natasha
  2708 | D:4      | Killed Natasha
  2709 | D:4      | Reached XP level 6. HP: 44/56 MP: 5/5
  2737 | D:4      | Noticed Natasha
  2742 | D:4      | Killed Natasha
  2777 | D:4      | Reached skill level 5 in Axes
  2867 | D:4      | Got the Discourse on the Doomed Wayfarer
  3012 | D:4      | Noticed Natasha
  3025 | D:4      | Killed Natasha
  3390 | D:2      | Bought a scroll labelled NESUDA KOSU for 25 gold pieces
  3390 | D:2      | Bought a scroll labelled ESHE MEOXU for 25 gold pieces
  3390 | D:2      | Bought a scroll labelled KIAKLA OSAVERI for 25 gold pieces
  3390 | D:2      | Bought a scroll labelled SUXZURR BUZXIDWYL for 25 gold
                  | pieces
  3390 | D:2      | Bought a scroll labelled DOSTRUXTIXKO for 25 gold pieces
  3422 | D:2      | Acquired a +2 war axe of flaming
  3572 | D:5      | Entered Level 5 of the Dungeon
  3893 | D:5      | Noticed Duvessa
  3893 | D:5      | Noticed Dowan
  3900 | D:5      | Killed Dowan
  3901 | D:5      | Reached skill level 5 in Shields
  3901 | D:5      | Reached XP level 7. HP: 56/63 MP: 7/7
  3904 | D:5      | Killed Duvessa
  3905 | D:5      | Reached skill level 5 in Armour
  4522 | D:5      | Reached ** piety under Okawaru
  4579 | D:5      | Noticed a hornet
  4586 | D:5      | Killed a hornet
  4587 | D:5      | Reached XP level 8. HP: 32/73 MP: 7/9
  5149 | D:6      | Reached *** piety under Okawaru
  5547 | D:6      | Found a runed translucent door.
  5548 | D:6      | Noticed Crazy Yiuf
  5668 | D:6      | Reached XP level 9. HP: 82/82 MP: 10/10
  6179 | D:6      | Killed Crazy Yiuf
  6397 | D:7      | Reached **** piety under Okawaru
  6424 | D:7      | Found a staircase to the Ecumenical Temple.
  6475 | D:7      | Found Seerr's Distillery.
  6531 | D:7      | Identified the +0 mace "Zafyvvo" {drain, ^Contam Will+++
                  | Int+3}
  6691 | D:7      | Reached skill level 10 in Axes
  7538 | D:8      | Found a snail-covered altar of Cheibriados.
  7539 | D:8      | Found a basalt altar of Yredelemnul.
  7651 | D:8      | Found a sacrificial altar of Ru.
  7652 | D:8      | Found an ancient bone altar of Kikubaaqudgha.
  8055 | D:9      | Noticed Prince Ribbit
  8098 | D:9      | Killed Prince Ribbit
  8099 | D:9      | Reached XP level 10. HP: 87/90 MP: 12/12
  8146 | D:9      | Found a staircase to the Orcish Mines.
  8185 | D:9      | Reached ***** piety under Okawaru
  8429 | D:10     | Entered Level 10 of the Dungeon
  8462 | D:10     | Reached skill level 15 in Axes
  8784 | D:10     | Received a gift from Okawaru
  9145 | D:10     | Reached skill level 5 in Invocations
  9243 | D:10     | Noticed a two-headed ogre
  9251 | D:10     | Killed a two-headed ogre
  9378 | D:11     | Noticed Nergalle
  9614 | D:11     | Killed Nergalle
  9877 | D:11     | Reached XP level 11. HP: 94/99 MP: 14/14
  9993 | D:11     | Noticed an oklob plant
  9993 | D:11     | Noticed an oklob plant
 10199 | D:11     | Reached skill level 10 in Fighting
 10264 | D:11     | Found a staircase to the Lair.
 10316 | D:11     | Found Kiraaguc's Assorted Antiques.
 10859 | D:11     | Killed an oklob plant
 10982 | D:11     | Killed an oklob plant
 11005 | Lair:1   | Entered Level 1 of the Lair of Beasts
 11071 | Lair:1   | Received a gift from Okawaru
 11261 | Lair:1   | Noticed a death yak
 11262 | Lair:1   | Noticed a death yak
 11262 | Lair:1   | Noticed a death yak
 11289 | Lair:1   | Killed a death yak
 11291 | Lair:1   | Killed a death yak
 11294 | Lair:1   | Killed a death yak
 11439 | Lair:1   | Noticed Erica
 11662 | Lair:1   | Killed Erica
 11889 | Lair:1   | Received a gift from Okawaru
 11890 | Lair:1   | Reached XP level 12. HP: 78/110 MP: 16/16
 12857 | Lair:2   | You fall into a shaft and drop 1 floor!
 12881 | Lair:3   | Reached skill level 10 in Armour
 12915 | Lair:3   | Reached skill level 10 in Shields
 12963 | Lair:3   | Received a gift from Okawaru
 13521 | Lair:2   | Found a hole to the Spider Nest.
 13885 | Lair:3   | Found a staircase to the Shoals.
 13893 | Lair:3   | Received a gift from Okawaru
 13992 | Lair:3   | Reached XP level 13. HP: 119/119 MP: 18/18
 14520 | Lair:4   | Reached ****** piety under Okawaru
 14521 | Lair:4   | Acquired a +0 pair of boots of rampaging
 14521 | Lair:4   | Received a gift from Okawaru
 14522 | Lair:4   | Acquired the +0 broad axe "Tanu" {spect, Stlth+}
 14522 | Lair:4   | Received a gift from Okawaru
 14617 | Lair:4   | Received a gift from Okawaru
 14976 | Lair:4   | Received a gift from Okawaru
 14996 | Lair:4   | Reached skill level 10 in Invocations
 15559 | Lair:5   | Entered Level 5 of the Lair of Beasts
 15601 | Lair:5   | Received a gift from Okawaru
 15616 | Lair:5   | Reached XP level 14. HP: 94/132 MP: 20/20
 15635 | Lair:5   | Found a frozen archway.
 15657 | IceCv    | Entered an ice cave
 15659 | IceCv    | Found a transporter.
 15680 | IceCv    | Found a transporter.
 15730 | Lair:5   | Found a staircase to the Slime Pits.
 15815 | Lair:5   | Received a gift from Okawaru
 16077 | Lair:5   | Received a gift from Okawaru
 16527 | Lair:5   | Reached skill level 15 in Fighting
 16702 | Orc:1    | Entered Level 1 of the Orcish Mines
 16786 | Orc:1    | You fall into a shaft and drop 1 floor!
 16786 | Orc:2    | Entered Level 2 of the Orcish Mines
 16832 | Orc:2    | Found Pobrubb's Jewellery Emporium.
 16964 | Orc:2    | Noticed Josephine
 16975 | Orc:2    | Killed Josephine
 16975 | Orc:2    | Received a gift from Okawaru
 16982 | Orc:2    | Found Qidiprex's Antique Armour Emporium.
 17062 | Orc:2    | Found Otorudug's General Store.
 17062 | Orc:2    | Noticed a stone giant
 17068 | Orc:2    | Killed a stone giant
 17072 | Orc:2    | Found a staircase to the Elven Halls.
 17221 | Orc:2    | Found Wiupuckiykke's Antique Weapon Boutique.
 17299 | Orc:2    | Noticed Snorg
 17306 | Orc:2    | Killed Snorg
 17307 | Orc:2    | Reached XP level 15. HP: 128/141 MP: 22/22
 17702 | Orc:2    | Bought the ring "Weirur" {rElec rF+ Will++ rCorr SInv} for
                  | 947 gold pieces
 18416 | D:12     | Found a stormy altar of Qazlal.
 18905 | D:12     | Received a gift from Okawaru
 19572 | D:14     | Reached skill level 15 in Armour
 19574 | D:14     | Reached skill level 15 in Shields
 19675 | D:14     | Received a gift from Okawaru
 19706 | D:14     | Reached skill level 1 in Dodging
 19875 | D:14     | Found a gate to the Vaults.
 20399 | D:14     | Received a gift from Okawaru
 20521 | D:15     | Entered Level 15 of the Dungeon
 20629 | D:15     | Identified the +6 dagger of Spores {venom, Int+3 Stlth+}
 21026 | D:15     | Noticed Kirke
 21032 | D:15     | Reached skill level 5 in Dodging
 21034 | D:15     | Killed Kirke
 21114 | D:15     | Found a glowing silver altar of Zin.
 21114 | D:15     | Found a glowing golden altar of the Shining One.
 21114 | D:15     | Found a white marble altar of Elyvilon.
 21236 | D:15     | Found a staircase to the Depths.
 21236 | D:15     | Noticed a frost giant
 21248 | D:15     | Killed a frost giant
 21248 | D:15     | Received a gift from Okawaru
 21636 | D:15     | Reached XP level 16. HP: 141/155 MP: 24/24
 22148 | Shoals:1 | Entered Level 1 of the Shoals
 22198 | Shoals:2 | Found a large runed translucent door.
 22198 | Shoals:2 | Found a large runed translucent door.
 22213 | Shoals:2 | Noticed Kehia's ghost (adept DrWn)
 22393 | Orc:2    | Bought a ring of poison resistance for 320 gold pieces
 22577 | Shoals:3 | Received a gift from Okawaru
 22876 | Shoals:4 | Entered Level 4 of the Shoals
 22949 | Shoals:4 | Found the +27 heavy crossbow "Sniper" {heavy, Acc+∞ SInv}
 22974 | Shoals:4 | Received a gift from Okawaru
 22988 | Shoals:4 | Noticed a kraken
 23131 | Shoals:4 | Killed a kraken
 23137 | Shoals:4 | Got a barnacled rune of Zot
 23139 | Shoals:4 | Got an azure gem with 1085 turns to spare
 23272 | Spider:1 | Entered Level 1 of the Spider Nest
 23382 | Spider:2 | Received a gift from Okawaru
 23443 | Spider:4 | Entered Level 4 of the Spider Nest
 23649 | Spider:3 | Noticed Arachne
 23664 | Spider:3 | Killed Arachne
 23664 | Spider:3 | Received a gift from Okawaru
 23841 | Spider:4 | Reached XP level 17. HP: 125/166 MP: 25/25
 24012 | Spider:4 | Reached skill level 10 in Dodging
 24082 | Spider:4 | Received a gift from Okawaru
 24507 | Spider:4 | Got a milky-white gem with 1219 turns to spare
 24517 | Spider:4 | Got a gossamer rune of Zot
 24651 | Abyss:3  | Cast into level 3 of the Abyss (unwielding a weapon of
                  | distortion)
 24694 | Abyss:3  | Found a corrupted altar of Lugonu.
 24711 | Abyss:4  | Noticed a lich
 24714 | Abyss:4  | Found a candlelit altar of Ignis.
 24719 | Abyss:4  | Killed a lich
 24733 | Abyss:4  | Noticed a lich
 24761 | Abyss:4  | Found a transporter.
 24775 | Abyss:4  | Received a gift from Okawaru
 24830 | Abyss:4  | Got an abyssal rune of Zot
 24867 | Spider:4 | Escaped the Abyss
 25156 | Depths:1 | Entered Level 1 of the Depths
 25156 | Depths:1 | Noticed the Enchantress
 25156 | Depths:1 | Found Nougg's Weapon Boutique.
 25158 | Depths:1 | Noticed a lich
 25177 | D:15     | Received a gift from Okawaru
 25187 | Arena    | Entered the Arena
 25218 | D:15     | Killed the Enchantress
 25452 | Depths:1 | Killed a lich
 25470 | Depths:1 | Found a one-way gate to the infinite horrors of the Abyss.
 25669 | Arena    | Entered the Arena
 25707 | Depths:2 | Noticed a juggernaut
 25716 | Depths:2 | Received a gift from Okawaru
 25719 | Depths:2 | Noticed a lich
 25721 | Depths:2 | Killed a juggernaut
 25721 | Depths:2 | Noticed a quicksilver dragon
 25721 | Depths:2 | Noticed a golden dragon
 25722 | Depths:2 | Reached XP level 18. HP: 64/180 MP: 24/26
 25829 | Depths:1 | Killed a lich
 25833 | Depths:2 | Noticed a tentacled monstrosity
 25833 | Depths:2 | Noticed a tentacled monstrosity
 25871 | Depths:2 | Killed a tentacled monstrosity
 25872 | Depths:2 | Killed a tentacled monstrosity
 25876 | Depths:2 | Killed a golden dragon
 25954 | Depths:2 | Noticed a golden dragon
 25961 | Depths:2 | Noticed a juggernaut
 25966 | Depths:2 | Killed a golden dragon
 25966 | Depths:2 | Received a gift from Okawaru
 26208 | Arena    | Entered the Arena
 26210 | Arena    | Killed a juggernaut
 26468 | Depths:2 | Received a gift from Okawaru
 26684 | Depths:2 | Got the Elucidation of the Hindering Sky
 26801 | Depths:3 | Received a gift from Okawaru
 26816 | Depths:3 | Found a one-way gateway to a ziggurat.
 27011 | Depths:3 | Received a gift from Okawaru
 27108 | Depths:3 | Found a gateway to Hell.
 27135 | Depths:3 | Noticed a hellephant
 27177 | Depths:3 | Killed a hellephant
 27178 | Depths:3 | Reached XP level 19. HP: 92/193 MP: 27/27
 27294 | Depths:4 | Entered Level 4 of the Depths
 27296 | Depths:4 | Found a magical portal.
 27638 | WizLab   | Entered Iskenderun's Mystic Tower
 27854 | Depths:4 | Found a gate to the Realm of Zot.
 27854 | Depths:4 | Noticed a bone dragon
 27854 | Depths:4 | Noticed a golden dragon
 27864 | Depths:4 | Killed a golden dragon
 27864 | Depths:4 | Received a gift from Okawaru
 27868 | Depths:4 | Killed a bone dragon
 27977 | Depths:4 | Got a midnight gem with 616 turns to spare
 27979 | Zot:1    | Entered Level 1 of the Realm of Zot
 28038 | Arena    | Entered the Arena
 28074 | Arena    | Entered the Arena
 28125 | Zot:1    | Received a gift from Okawaru
 28361 | Zot:2    | Noticed a Killer Klown
 28553 | Zot:1    | Killed a Killer Klown
 28659 | Zot:1    | Noticed an orb of fire
 28661 | Zot:1    | Gained mutation: You occasionally lose the ability to read
                  | scrolls when taking damage. [an orb of fire]
 28662 | Arena    | Entered the Arena
 28689 | Zot:1    | Killed from afar by an orb of fire

Illustrated notes

Levels and vault maps discovered:
D:1:      dpeg_arrival_erosion, layout_basic, minmay_unequal
D:2:      layout_rooms, serial_shops, nicolae_shop_trees
D:3:      layout_rooms, gammafunk_temple_overflow_elements,
          cheibrodos_sewer_entry_bend
D:4:      layout_cave_pools, uniq_natasha
D:5:      cheibrodos_barr_body, layout_basic, uniq_duvessa
D:6:      layout_basic, minmay_manual_macuahuitl, uniq_crazy_yiuf_cottage
D:7:      layout_loops_cross, minmay_temple_entry_tees, serial_shops,
          nicolae_shop_pleasant_corner_grove, minmay_gold_behind_fungi
D:8:      layout_cave_pools, mainiacjoe_overflow_divided_tiny,
          gammafunk_temple_overflow_pools, mrwooster_statue_mirror,
          chequers_garden
D:9:      layout_small_grid, orc_0_dummy, uniq_prince_ribbit1
D:10:     layout_basic, lemuel_flame_loot_1
D:11:     layout_stronghold, dpeg_oklobed_lair, serial_shops,
          nicolae_shop_statue_plus, bh_circular_ruins, uniq_nergalle
D:12:     layout_irregular_city, nicolae_qazlal_style_of_elements
D:13:     layout_small_grid
D:14:     layout_basic, erik_vaults_1, serial_demonic, serial_demonic_c,
          serial_demonic_c, serial_demonic_a, serial_demonic_a, nicolae_wwwww,
          st_stairs_4
D:15:     grunt_enter_depths_snipers, layout_stronghold, good_gods_mini_temple,
          uniq_kirke
Lair:1:   layout_cave_pods, uniq_erica
Lair:2:   layout_regular_city, spider_nest_entry_funnel_web
Lair:3:   layout_misc_corridors, elwin_shoals_entry_rocks,
          cheibrodos_lair_reptile_den, infiniplex_staircase_pool_2
Lair:4:   regret_index_bee_streams, layout_misc_corridors,
          bobbens_ice_dragon_lair
Lair:5:   due_jungle_book, layout_regular_city, minmay_slime_entry_pillars,
          portal_ice_cave_entry_ice_simulacra
Shoals:1: layout_shoals, uniq_aizul
Shoals:2: layout_shoals, ebering_ghost_disaster_area
Shoals:3: nzn_motion_control, layout_shoals, uniq_ilsuiw, uniq_nikola
Shoals:4: shoals_end_hangedman, layout_shoals, serial_shops, shop_statue,
          nicolae_diamond_shop, nicolae_shop_scrapyard, nicolae_shop_vocational
Spider:1: layout_spider_delve
Spider:2: layout_cave_pods, uniq_jorgrun
Spider:3: layout_cave_pods, nicolae_crawler_farm, uniq_donald, uniq_arachne
Spider:4: grunt_spider_rune_circles, nicolae_spider_circle_web
Orc:1:    layout_caves, serial_shops, nicolae_diamond_shop,
          nicolae_orc_bridge_out
Orc:2:    grunt_orc_gardens, layout_caves, grunt_orc_garden, grunt_orc_garden,
          grunt_orc_garden, grunt_orc_garden, uniq_snorg, uniq_josephine
Depths:1: layout_cross, serial_shops, shop, abyss_entry, hell_entry,
          uniq_enchantress
Depths:2: minmay_central_circle, layout_gridville, hell_entry,
          rand_demon_pan_entry_3, chequers_serial_rivers_micro_d,
          serial_bayou_shore_b, uniq_grunn
Depths:3: mu_elephants_graveyard, layout_cave_pools, enter_ziggurat_e,
          hell_entry, abyss_entry_flame_altar,
          minmay_staircase_statues_hall_small, uniq_boris
Depths:4: grunt_x_marks_the_spot, layout_gridlike,
          chequers_serial_rivers_micro_d, pf_hell_entry_tar_river,
          infiniplex_enter_wizlab_water
Zot:1:    layout_twisted_circle
Zot:2:    lemuel_draconian_sentries, layout_misc_corridors,
          regret_index_zotdec_glowing_original, zot_minivault_4

Skill      XL: |  1  2  3  4  5  6  7  8  9 10 11 12 13 14 15 16 17 18 19 |
---------------+----------------------------------------------------------+-----
Fighting       | 4 5 6 7 8 9 11 12 14 15 17 18 20 22 23 | 23.6
Axes           | 3 4 5 6 7 14 16 17 18 | 18.0
Shields        | 4 5 6 8 9 11 13 14 15 | 15.6
Armour         | 4 5 6 8 9 11 13 14 16 18 20 22 23 | 23.0
Invocations    | 1 2 3 4 5 6 8 10 11 12 | 12.0
Dodging        | 5 9 11 | 11.0

Action                     |  1- 3 |  4- 6 |  7- 9 | 10-12 | 13-15 | 16-18 | 19-21 || total
---------------------------+-------+-------+-------+-------+-------+-------+-------++-------
  Melee: War axe           |    86 |   116 |   201 |   479 |    28 |       |       ||   910
         Headbutt          |    11 |    18 |    31 |   116 |   212 |   244 |    93 ||   725
         Broad axe         |       |       |       |       |   747 |   849 |   250 ||  1846
 Invoke: Heroism           |       |       |       |     6 |     2 |     1 |       ||     9
         Finesse           |       |       |       |     1 |     1 |     6 |     2 ||    10
         Receive Weapon    |       |       |       |       |     1 |       |       ||     1
         Receive Armour    |       |       |       |       |     1 |       |       ||     1
         Duel              |       |       |       |       |       |     3 |     3 ||     6
  Evoke: Wand              |       |       |       |       |       |       |     4 ||     4
    Use: Scroll            |       |    12 |     4 |     5 |    10 |    15 |     1 ||    47
         Potion            |       |       |     5 |       |     2 |    12 |    10 ||    29
   Stab: Distracted        |       |       |       |       |    23 |    23 |     2 ||    48
         Petrifying        |       |       |       |       |     1 |     1 |       ||     2
         Petrified         |       |       |       |       |       |     1 |       ||     1
         Invisible         |       |       |       |       |       |       |     9 ||     9
 Armour: Scale mail        |     9 |       |       |       |       |       |       ||     9
         Plate armour      |    61 |   127 |   159 |   239 |   384 |   467 |       ||  1437
         Gold dragon scale |       |       |       |       |       |   133 |   170 ||   303
  Dodge: Dodged            |    22 |    35 |    86 |   151 |   200 |   339 |    79 ||   912
  Block: Buckler           |    21 |    35 |    45 |       |       |       |       ||   101
         Kite shield       |       |       |     9 |   254 |   396 |   507 |    98 ||  1264
         Reflection        |       |       |       |     2 |    32 |    11 |     1 ||    46
         Tower shield      |       |       |       |       |       |       |    24 ||    24
